 Dungeon Crawl Stone Soup version 0.27.1-15-g792fb953b9 (webtiles) character file.

Game seed: 16454249415667401080

103 croobank the Sneak (level 4, -2/36 HPs)
             Began as a Demigod Brigand on Nov 20, 2021.
             Slain by a gnoll (12 damage)
             ... on level 2 of the Dungeon.
             The game lasted 00:07:51 (2061 turns).

croobank the Sneak (Demigod Brigand)                Turns: 2061, Time: 00:07:54

Health: -2/36      AC:  3    Str: 16    XL:     4   Next: 27%
Magic:  6/6        EV: 12    Int: 13    God:
Gold:   68         SH:  0    Dex: 15    Spells: 3/3 levels left

rFire    + . .     SeeInvis .   g - +2 short sword (venom)
rCold    . . .     Faith    .   (no shield)
rNeg     . . .     Spirit   .   b - +0 robe
rPois    .         Reflect  .   (no helmet)
rElec    .         Harm     .   c - +0 cloak
rCorr    .         Rampage  .   (no gloves)
Will     .....                  (no boots)
Stlth    +++.......             (no amulet)
HPRegen  0.12/turn              p - ring of protection from fire
MPRegen  0.10/turn              (no ring)

@: no status effects
A: high mp 1, forlorn
a: no special abilities


You were on level 2 of the Dungeon.
You visited 1 branch of the dungeon, and saw 2 of its levels.

You collected 68 gold pieces.

Inventory:

Hand Weapons
 a - a +2 dagger
 g - a +2 short sword of venom (weapon)
Missiles
 d - 18 poisoned darts (quivered)
 e - 2 curare-tipped darts
 k - 41 stones
 q - 3 boomerangs
Armour
 b - a +0 robe (worn)
 c - a +0 cloak (worn)
 i - a +0 leather armour
Jewellery
 p - a ring of protection from fire (left hand)
Scrolls
 j - a scroll of amnesia {unknown}
 l - a scroll of blinking {unknown}
 m - 2 scrolls of teleportation {unknown}
 o - a scroll of brand weapon {unknown}
 s - a scroll of enchant weapon {unknown}
Potions
 f - a potion of haste
 h - a potion of cancellation {unknown}
 n - 2 potions of flight
 r - a potion of curing {unknown}


   Skills:
 + Level 2.1 Fighting
 + Level 2.6 Short Blades
 + Level 1.8 Throwing
 + Level 1.2 Dodging
 + Level 4.9 Stealth


You had 3 spell levels left.
You didn't know any spells.
Your spell library was empty.

Dungeon Overview and Level Annotations

Branches:
Dungeon (2/15)


Innate Abilities, Weirdness & Mutations

Your attributes grow dramatically as you level up.
You have an increased reservoir of magic. (+10% MP)
You shall have no god before yourself.


Message History

The helpless hobgoblin fails to defend itself.
You puncture the hobgoblin!
You kill the hobgoblin!
A gnoll comes into view. It is wielding a +0 flail.
The gnoll moves out of view.
A gnoll comes into view. It is wielding a +0 spear.
The kobold shouts!
You hear a shout!
The gnoll barely misses you.
You barely miss the gnoll.
The gnoll shouts!
The gnoll closely misses you.
You hit the gnoll.
The gnoll is poisoned.
The gnoll is heavily wounded.
A gnoll comes into view. It is wielding a +0 flail.
The gnoll closely misses you.
You closely miss the gnoll.
The gnoll is heavily wounded.
The gnoll misses you.
An adder comes into view.
You barely miss the gnoll.
The gnoll is heavily wounded.
The gnoll hits you with a +0 flail.
You hit the gnoll.
The gnoll looks as sick as possible!
The gnoll is severely wounded.
You kill the gnoll!
You closely miss the kobold. The kobold hits you but does no damage.
The gnoll hits you from afar with a +0 spear.
The kobold completely misses you. The gnoll hits you with a +0 spear.
You barely miss the gnoll. The kobold hits you but does no damage.
The gnoll hits you with a +0 spear.
You closely miss the gnoll.
The kobold hits you with a +0 short sword.
The gnoll closely misses you. The gnoll hits you with a +0 spear!
You hit the gnoll.
The gnoll is poisoned.
The gnoll is lightly wounded.
The adder hisses angrily.
The kobold hits you with a +0 short sword.
* * * LOW HITPOINT WARNING * * *
The gnoll hits you with a +0 flail!
You die...

## #.... #.....
.....##..... #
####...##..... .
.# #....#..... #
#S# ####.#.##.#
####.#### #. #.#
#.......# #. #.#
#.......#
#K@.....# .####
#gg.....#
.g....##....†..#
.......)......##
###########.#.#
####....#.#
#....####.# #
#.##.####.######
####.##
#.#............#


You could see 2 gnolls, an adder and a kobold.

Vanquished Creatures
  Jessica (D:2)
  A gnoll (D:2)
  2 adders (D:2)
  A worm (D:2)
  A dart slug (D:1)
  4 ball pythons
  6 endoplasms
  A giant cockroach (D:2)
  9 hobgoblins
  A quokka (D:1)
  A bat (D:2)
  2 frilled lizards (D:1)
  4 goblins (D:1)
  6 kobolds
  3 rats (D:1)
43 creatures vanquished.

Vanquished Creatures (others)
  4 fungi (D:2)
  7 plants (D:2)
11 creatures vanquished.

Grand Total: 54 creatures vanquished

Notes
Turn   | Place    | Note
-------+----------+-------------------------------------------
     0 | D:1      | croobank the Demigod Brigand began the quest for the Orb.
     0 | D:1      | Reached XP level 1. HP: 17/17 MP: 3/3
    67 | D:1      | Reached skill level 4 in Stealth
   259 | D:1      | Reached XP level 2. HP: 11/24 MP: 4/4
   657 | D:1      | Reached skill level 1 in Dodging
  1207 | D:2      | Reached XP level 3. HP: 29/29 MP: 5/5
  1665 | D:2      | Noticed Jessica
  1677 | D:2      | Killed Jessica
  1700 | D:2      | Reached XP level 4. HP: 27/36 MP: 6/6
  2061 | D:2      | Slain by a gnoll

Illustrated notes

Levels and vault maps discovered:
D:1:      dpeg_arrival_another_circle, layout_loops_ring, minmay_tall_x
D:2:      layout_basic, dreamdust_ecumenical_altar_hidden_monk_grotto,
          grunt_ministairs_8, minmay_tromino_v2, uniq_jessica

Skill      XL: |  1  2  3 |
---------------+----------+-----
Stealth        | 4 |  4.9
Short Blades   | 2 |  2.6
Dodging        | 1 |  1.2
Fighting       | 2 |  2.1
Throwing       | |  1.8

Action                   |  1- 3 |  4- 6 || total
-------------------------+-------+-------++-------
Melee: Dagger            |    13 |       ||    13
       Short sword       |    79 |    29 ||   108
  Use: Scroll            |     2 |       ||     2
 Stab: Sleeping          |     6 |     1 ||     7
Armor: Robe              |    13 |     7 ||    20
Dodge: Dodged            |    35 |    12 ||    47
